 Dungeon Crawl Stone Soup version 0.30.1-11-g7821555f0a (webtiles) character file.

Game seed: 240981066524150654

47 booth the Trooper (level 3, -31/36 HPs)
             Began as a Draconian Monk on Nov 1, 2023.
             Killed by an exploding goblin (44 damage)
             ... ignited by their inner flame
             ... on level 2 of the Dungeon.
             The game lasted 00:04:18 (843 turns).

booth the Trooper (Draconian Monk)                   Turns: 843, Time: 00:04:18

Health: -31/36     AC:  5    Str: 15    XL:     3   Next: 48%
Magic:  3/3        EV: 13    Int: 16    God:
Gold:   32         SH:  0    Dex: 13    Spells: 2/2 levels left

rFire   . . .        a - +0 hand axe
rCold   x . .        c - orb {light}
rNeg    . . .        (body armour unavailable)
rPois   .            (helmet restricted)
rElec   .            (no cloak)
rCorr   .            (no gloves)
SInv    .            (no boots)
Will    .....        (no amulet)
Stlth   +            f - +6 ring of intelligence
HPRegen 0.26/turn    (no ring)
MPRegen 0.08/turn

%: no passive effects
@: glowing
A: AC +5, unfitting armour, cold-blooded, robust 1, cold vulnerability 1
a: no special abilities


You were on level 2 of the Dungeon.
You visited 1 branch of the dungeon, and saw 2 of its levels.

You collected 32 gold pieces.

Inventory:

Hand Weapons
 a - a +0 hand axe (weapon)
Armour
 c - an orb of light (worn)
 d - a +0 leather armour
Jewellery
 f - a +6 ring of intelligence (left hand)
 i - a +6 ring of strength
Potions
 b - a potion of ambrosia


   Skills:
 + Level 3.8 Fighting
 * Level 3.8 Axes
 + Level 3.1 Dodging


You had 2 spell levels left.
You didn't know any spells.
Your spell library was empty.

Dungeon Overview and Level Annotations

Branches:
Dungeon (2/15)

Altars:


Innate Abilities, Weirdness & Mutations

Your plain brown scales are hard. (AC +5)
You cannot fit into any form of body armour.
You are cold-blooded and may be slowed by cold attacks.
You are robust. (+10% HP)
You are vulnerable to cold. (rC-)


Message History

The goblin hits you with a +0 club.
You hit the goblin.
You kill the goblin!
You closely miss the goblin. The goblin completely misses you.
Robin throws the goblin at you!
You hit the goblin.
The goblin is moderately wounded.
You hit the goblin. The goblin hits you with a +0 dagger.
The goblin barely misses you.
A goblin comes into view. It is wielding a +2 dagger of pain.
Robin throws the goblin at you!
You hit the goblin.
You kill the goblin!
You hit the goblin.
You kill the goblin!
You barely miss the goblin. The goblin completely misses you.
A hobgoblin comes into view.
The goblin attacks as you move away! The goblin closely misses you.
Items here: ))) ††.
The hobgoblin shouts!
You hit the goblin but do no damage. The goblin closely misses you.
Robin roars a battlecry!
The goblin goes into a battle-frenzy!
The goblin hits you with a +0 dagger.
You hit the goblin.
The goblin is severely wounded.
The goblin misses you.
Okay, then.
It was a potion of mutation.
You feel extremely strange.
You feel vulnerable to cold.
You feel robust. The goblin closely misses you. Robin throws the goblin at you!
As you read the scroll labelled MOAVEA UMEBOU, it crumbles to dust.
The creatures around you are filled with an inner flame!
It was a scroll of immolation.
The goblin hits you with a +0 dagger. The goblin barely misses you.
You barely miss the goblin. You hit the goblin.
The goblin explodes!
The fiery explosion engulfs Robin!!
The fiery explosion engulfs you!!!
Ouch! That really hurt!
You die...

#.. #.# #.# #.#
#.# ######g###
#....§§§.#
#.####§#.# #@#.#
#########
##g#.###.......#
#........#####.#
#....##### #.#
#.....# #.#
........#
###.###
......###
#.....# #####.#
#.....# #.
#.....#


You could see a hobgoblin (inner flame, strong) and a goblin (inner flame,
strong).

Vanquished Creatures
  Robin (D:2)
  4 endoplasms (D:1)
  10 goblins
  2 hobgoblins (D:1)
  10 jackals (D:1)
  A kobold (D:1)
  A quokka (D:1)
  3 ball pythons (D:1)
  4 bats (D:1)
  4 frilled lizards (D:1)
  4 rats (D:1)
44 creatures vanquished.

Notes
Turn   | Place    | Note
-------+----------+-------------------------------------------
     0 | D:1      | booth the Draconian Monk began the quest for the Orb.
     0 | D:1      | Reached XP level 1. HP: 19/19 MP: 1/1
    72 | D:1      | Reached XP level 2. HP: 15/26 MP: 2/2
   468 | D:1      | Reached XP level 3. HP: 33/33 MP: 3/3
   824 | D:2      | Noticed Robin
   841 | D:2      | Gained mutation: You are vulnerable to cold. (rC-) [potion
                  | of mutation]
   841 | D:2      | Gained mutation: You are robust. (+10% HP) [potion of
                  | mutation]
   843 | D:2      | Killed Robin
   843 | D:2      | Killed by an exploding goblin... ignited by their inner
                  | flame

Illustrated notes

Levels and vault maps discovered:
D:1:      onia_arrival_mini_spirals, layout_basic, minmay_box_of_dots
D:2:      layout_loops_corners, serial_shops, shop, uniq_robin

Skill      XL: |  1  2 |
---------------+-------+-----
Dodging        | 3 |  3.1
Fighting       | |  3.8
Axes           | |  3.8

Action                     || total
---------------------------++-------
  Melee: Hand axe          ||    84
         Tailslap          ||     8
    Use: Scroll            ||     2
         Potion            ||     1
 Armour: Skin              ||    34
  Dodge: Dodged            ||    69
